 Dungeon Crawl Stone Soup version 0.27-a0-492-ga4bb394fd4 (webtiles) character file.

Game seed: 3597246335226902254

850 MiFiHotspot the Shield-Bearer (level 7, -3/61 HPs)
             Began as a Minotaur Fighter on Mar 2, 2021.
             Slain by Duvessa
             ... wielding a +3 short sword of protection
              (5 damage)
             ... on level 5 of the Dungeon.
             The game lasted 00:09:00 (4812 turns).

MiFiHotspot the Shield-Bearer (Minotaur Fighter)    Turns: 4812, Time: 00:09:01

Health: -3/61      AC:  8    Str: 22    XL:     7   Next: 69%
Magic:  6/6        EV:  6    Int:  5    God:
Gold:   198        SH: 16    Dex: 10    Spells: 6/6 levels left

rFire    . . .     SeeInvis .   a - +0 war axe
rCold    . . .     Faith    .   k - +0 tower shield
rNeg     . . .     Spirit   .   b - +0 scale mail
rPois    .         Reflect  .   (helmet restricted)
rElec    .         Harm     .   (no cloak)
rCorr    .         Rampage  .   r - +0 pair of gloves
Will     .....                  (no boots)
Stlth    ..........             (no amulet)
HPRegen  0.20/turn              (no ring)
MPRegen  0.10/turn              (no ring)

@: no status effects
A: horns 2, retaliatory headbutt
a: no special abilities


You were on level 5 of the Dungeon.
You visited 1 branch of the dungeon, and saw 5 of its levels.

You collected 198 gold pieces.

Inventory:

Hand Weapons
 a - a +0 war axe (weapon)
Armour
 b - a +0 scale mail (worn)
 k - a +0 tower shield (worn)
 r - a +0 pair of gloves (worn)
Jewellery
 d - a ring of wizardry
 i - an amulet of faith
Scrolls
 c - 6 scrolls of teleportation {unknown}
 e - 3 scrolls of identify {unknown}
 h - 2 scrolls of fear {unknown}
 j - 2 scrolls of enchant armour {unknown}
 p - 2 scrolls of magic mapping {unknown}
 q - a scroll of fog {unknown}
 t - a scroll of blinking {unknown}
 u - a scroll of amnesia {unknown}
 v - a scroll of enchant weapon {unknown}
Potions
 f - 2 potions of heal wounds {unknown}
 g - a potion of brilliance {unknown}
 l - 2 potions of lignification {unknown}
 m - 2 potions of haste {unknown}
 n - a potion of ambrosia {unknown}
 o - a potion of flight {unknown}
 s - a potion of degeneration {unknown}


   Skills:
 + Level 5.5 Fighting
 * Level 6.5 Axes
 + Level 5.4 Armour
 * Level 7.0 Shields


You had 6 spell levels left.
You didn't know any spells.
Your spell library contained the following spells:

 Spells                   Type           Power        Failure   Level
 Shock                    Conj/Air       0%           100%        1
 Swiftness                Air            0%           100%        2
 Static Discharge         Conj/Air       0%           100%        3
 Airstrike                Air            0%           100%        4
 Lightning Bolt           Conj/Air       0%           100%        5


Dungeon Overview and Level Annotations

Branches:
Dungeon (5/15)
 Temple: D:4-7

Altars:
Nemelex Xobeh

Annotations:
D:5 Duvessa


Innate Abilities, Weirdness & Mutations

You have a pair of horns on your head.
You reflexively headbutt those who attack you in melee.


Message History

You block Duvessa's attack.
Unknown command.
You barely miss Duvessa.
Duvessa is moderately wounded.
Duvessa hits you with a +3 short sword of protection!
Duvessa hits you with a +3 short sword of protection.
Unknown command.
You hit Duvessa. You headbutt Duvessa, but do no damage.
Duvessa is moderately wounded.
You hear the slow rusting of a very distant drain.
You block Duvessa's attack. x2
You hit Duvessa. You headbutt Duvessa.
Duvessa is heavily wounded.
Duvessa hits you with a +3 short sword of protection!
Duvessa closely misses you. You block Duvessa's attack.
Unknown command.
You are too injured to fight recklessly!
Unknown command.
You are too injured to fight recklessly!
Unknown command.
You are too injured to fight recklessly!
Unknown command.
You are too injured to fight recklessly!
You barely miss Duvessa.
Duvessa is heavily wounded.
You block Duvessa's attack. x2
You hit Duvessa. You headbutt Duvessa, but do no damage.
Duvessa is heavily wounded.
Duvessa hits you but does no damage.
Duvessa hits you with a +3 short sword of protection!
* * * LOW HITPOINT WARNING * * *
You barely miss Duvessa. You headbutt Duvessa!
Duvessa is severely wounded.
Duvessa hits you but does no damage.
Duvessa hits you with a +3 short sword of protection!
* * * LOW HITPOINT WARNING * * *
You barely miss Duvessa.
Duvessa is severely wounded.
Duvessa hits you with a +3 short sword of protection.
You die...

#.........##.########.
#.....................
#####.######.########.
#.# ##...##
#.####.....#
........>..######>
#.##............
#.###...#.####..
#...@e....#
#.<....)######
##.####.. ####


You could see Duvessa (berserk).

Vanquished Creatures
  The ghost of highc0 the Slicer, a novice HaWr (D:4)
  A phantom (D:4)
  Dowan (D:5)
  A hound (D:4)
  A bullfrog skeleton (D:4)
  Jessica (D:2)
  An iguana (D:4)
  4 worker ants
  2 orc wizards
  A mummy (D:4)
  3 gnolls (D:4)
  7 adders
  2 worms
  3 dart slugs
  3 leopard geckos
  12 orcs
  2 ball pythons (D:3)
  11 bats
  6 giant cockroaches
  11 goblins
  10 hobgoblins
  6 jackals (D:2)
  7 kobolds
  A quokka (D:2)
  6 frilled lizards
  A hobgoblin zombie (D:4)
  A kobold zombie (D:4)
  A leopard gecko skeleton (D:4)
  2 orc zombies (D:4)
  4 rats
113 creatures vanquished.

Notes
Turn   | Place    | Note
-------+----------+-------------------------------------------
     0 | D:1      | MiFiHotspot the Minotaur Fighter began the quest for the
                  | Orb.
     0 | D:1      | Reached XP level 1. HP: 19/19 MP: 0/0
   253 | D:1      | Reached XP level 2. HP: 27/27 MP: 1/1
   487 | D:1      | Reached skill level 4 in Shields
   882 | D:1      | Reached XP level 3. HP: 33/33 MP: 2/2
  1130 | D:2      | Noticed Jessica
  1132 | D:2      | Killed Jessica
  1310 | D:2      | Found a faded altar of an unknown god.
  1329 | D:2      | Reached XP level 4. HP: 35/40 MP: 3/3
  2573 | D:3      | Reached XP level 5. HP: 46/47 MP: 4/4
  2576 | D:3      | Reached skill level 5 in Shields
  3781 | D:4      | Reached skill level 5 in Axes
  3781 | D:4      | Reached XP level 6. HP: 44/53 MP: 5/5
  4149 | D:4      | Found a sparkling altar of Nemelex Xobeh.
  4168 | D:4      | Reached skill level 5 in Fighting
  4168 | D:4      | Reached skill level 6 in Shields
  4237 | D:4      | Found a runed translucent door.
  4237 | D:4      | Noticed highc0's ghost (novice HaWr)
  4257 | D:4      | Reached skill level 5 in Armour
  4260 | D:4      | Reached XP level 7. HP: 61/61 MP: 6/6
  4612 | D:4      | Killed highc0's ghost
  4766 | D:5      | Entered Level 5 of the Dungeon
  4798 | D:5      | Noticed Dowan
  4800 | D:5      | Noticed Duvessa
  4804 | D:5      | Killed Dowan
  4805 | D:5      | Reached skill level 7 in Shields
  4811 | D:5      | HP: 2/61 [Duvessa/+3 short sword of protection (12)]
  4812 | D:5      | Slain by Duvessa

Illustrated notes

Levels and vault maps discovered:
D:1:      psy_arrival_dodecagon, layout_basic, serial_glass, glass_columns_a,
          glass_columns_a, glass_columns_b, glass_columns_b, glass_columns_b,
          minmay_3d_cube
D:2:      layout_basic, chequers_ecumenical_altar_simple, uniq_jessica
D:3:      minmay_chambers_of_threes, layout_basic
D:4:      layout_loops_ring, nemelex_xobeh_ov_fountains_minmay,
          gammafunk_ghost_grave, minmay_mini_ossuary
D:5:      layout_loops_ring, portal_sewer_entry_f,
          minmay_hollow_rounded_squares, uniq_duvessa

Skill      XL: |  1  2  3  4  5  6  7 |
---------------+----------------------+-----
Shields        | 4 5 6 7 |  7.0
Axes           | 3 4 5 6 |  6.5
Fighting       | 4 5 |  5.5
Armour         | 4 5 |  5.4

Action                   |  1- 3 |  4- 6 |  7- 9 || total
-------------------------+-------+-------+-------++-------
Melee: War axe           |    85 |   204 |    40 ||   329
       Headbutt          |    13 |    23 |    11 ||    47
  Use: Potion            |       |     1 |       ||     1
Armor: Scale mail        |    32 |   118 |     7 ||   157
Dodge: Dodged            |    24 |    47 |     5 ||    76
Block: Kite shield       |    37 |       |       ||    37
       Tower shield      |    31 |   207 |    32 ||   270

Table legend: (Time is in decaauts)
 A = Elapsed time spent in this place.
 B = Non-inter-level travel time spent in this place.
 C = Inter-level travel time spent in this place.
 D = Time resting spent in this place.
 E = Time spent auto-exploring this place.
 F = Levels seen in this place.
 G = Mean time per level.
                   A        B        C        D        E       F      G
               +--------+--------+--------+--------+--------+-----+--------+
         Total |   5023 |   4880 |    143 |      0 |   4050 |   5 | 1004.6 |
       Dungeon |   5023 |   4880 |    143 |      0 |   4050 |   5 | 1004.6 |
               +--------+--------+--------+--------+--------+-----+--------+

Top non-repeatable levels by time:
     D:3: 1377 daAuts
     D:2: 1222 daAuts
     D:4: 1204 daAuts
     D:1: 1161 daAuts
     D:5: 57 daAuts
